AoeStats
← xSIDEHACKx

Black Forest

509583089Analyzed
3v3 RM · 4d ago on Sep 27, 2026· 44m 39s· 6 players
Game mode
Random Map
Map size
Normal (6 player)
Population
200
Speed
Normal
Resources
Standard
Victory
Conquest
Starting age
Dark Age
Ending age
Imperial Age
RankedLock teamsTeams togetherTeam positionsShared explorationLock speedFull tech treeHidden civsTurbo modeCheats
Victory
Defeat
🇮🇳 Gurjaras · India
712
+13
🇩🇰 Goths · Denmark
669
+15
🇦🇺 Danes · Australia
628
+17
🇪🇸 Khmer · Spain
781
-21
🇺🇸 Jurchens · United States
598
-13
🇺🇸 Huns · United States
559
-11
RAGEING CORPSE
0:49 Loom
12:52 Feudal Age
14:13 Wheelbarrow
14:45 Double-Bit Axe
24:00 Castle Age
22:33 Horse Collar
22:49 Gold Mining
23:02 Stone Mining
25:41 Bow Saw
29:37 Caravan
33:25 Heavy Plow
34:13 Gold Shaft Mining
34:16 Stone Shaft Mining
36:37 Coinage
38:55 Imperial Age
37:38 Scale Mail Armor
37:49 Forging
37:45 Scale Barding Armor
37:34 Fletching
37:50 Padded Archer Armor
37:32 Pikeman
37:58 Gambesons
38:14 Squires
38:04 Arson
39:45 Iron Casting
39:30 Chain Mail Armor
40:55 Banking
40:10 Man-at-Arms
40:11 Halberdier
40:28 Heavy Scorpion
42:00 Elite Jomsviking
43:30 Capped Ram
Sherlock
5:45 Loom
11:04 Feudal Age
12:38 Wheelbarrow
15:29 Double-Bit Axe
19:05 Castle Age
18:08 Horse Collar
18:23 Stone Mining
20:03 Hand Cart
21:44 Heavy Plow
23:05 Bow Saw
26:07 Stone Shaft Mining
31:20 Gold Mining
33:19 Bloodlines
33:10 Husbandry
32:32 Light Cavalry
34:19 Caravan
37:20 Imperial Age
34:39 Town Watch
39:15 Gold Shaft Mining
40:28 Elite Shrivamsha Rider
40:29 Heavy Camel Rider
40:30 Hussar
41:22 Scale Barding Armor
41:18 Scale Mail Armor
41:28 Forging
41:09 Fletching
41:20 Padded Archer Armor
43:47 Chain Barding Armor
43:44 Chain Mail Armor
45:19 Plate Barding Armor
45:20 Iron Casting
45:31 Iron Casting
45:17 Leather Archer Armor
Zatanas6800
0:48 Loom
12:19 Feudal Age
13:21 Double-Bit Axe
15:23 Horse Collar
21:08 Castle Age
20:23 Wheelbarrow
20:02 Town Watch
20:35 Stone Mining
21:26 Gold Mining
22:23 Bow Saw
22:28 Heavy Plow
29:20 Caravan
32:34 Imperial Age
31:26 Anarchy
32:46 Hand Cart
32:33 Town Patrol
33:24 Perfusion
34:09 Conscription
35:36 Chemistry
34:06 Elite Huskarl
36:05 Scale Mail Armor
36:15 Forging
36:57 Ballistics
36:35 Fletching
37:42 Murder Holes
39:36 Iron Casting
39:17 Chain Mail Armor
39:32 Bodkin Arrow
39:51 Masonry
40:23 Crop Rotation
41:50 Blast Furnace
41:27 Squires
41:48 Elite Skirmisher
42:43 Pikeman
DON FOL3Y
1:16 Loom
16:17 Feudal Age
17:42 Horse Collar
18:42 Wheelbarrow
18:28 Gold Mining
18:29 Stone Mining
21:40 Double-Bit Axe
25:24 Fletching
25:35 Padded Archer Armor
25:46 Forging
25:43 Scale Barding Armor
25:40 Scale Mail Armor
30:26 Castle Age
33:22 Hand Cart
33:15 Heavy Plow
33:51 Bow Saw
33:44 Bodkin Arrow
34:05 Leather Archer Armor
34:06 Chain Mail Armor
34:27 Iron Casting
34:13 Chain Barding Armor
35:01 Caravan
40:07 Imperial Age
39:18 Fortified Bastions
39:51 Man-at-Arms
40:17 Arson
40:32 Squires
40:18 Gambesons
42:48 Bloodlines
42:38 Husbandry
DOLAR2305
0:48 Loom
15:18 Feudal Age
16:59 Wheelbarrow
16:15 Double-Bit Axe
16:29 Gold Mining
16:36 Stone Mining
25:30 Castle Age
24:26 Horse Collar
26:42 Hand Cart
29:02 Imperial Age
30:20 Heavy Plow
31:30 Bow Saw
33:57 Gold Shaft Mining
34:01 Stone Shaft Mining
34:05 Forging
34:00 Scale Barding Armor
34:30 Crop Rotation
34:09 Caravan
37:17 Siege Engineers
38:16 Chemistry
37:13 Murder Holes
37:43 Conscription
39:07 Heavy Scorpion
40:24 Fortified Wall
40:37 Ballistics
40:53 Double Crossbow
42:03 Coinage
44:27 Husbandry
44:38 Bloodlines
43:49 Light Cavalry
xSIDEHACKx
12:02 Feudal Age
13:40 Wheelbarrow
16:42 Horse Collar
17:06 Gold Mining
17:11 Stone Mining
17:33 Double-Bit Axe
26:47 Castle Age
28:43 Fervor
30:22 Bloodlines
30:16 Husbandry
31:07 Caravan
34:21 Heavy Plow
36:13 Hand Cart
35:58 Loom
41:09 Scale Barding Armor
41:15 Forging
41:06 Scale Mail Armor
41:07 Padded Archer Armor
40:58 Fletching
Connection lost

Rejoining the realm…

Still unreachable

The connection could not be restored.

Session expired

The server has moved on; the page needs a fresh start.